 Dungeon Crawl Stone Soup version 0.29.1-15-g9cfb28693d (webtiles) character file.

Game seed: 3760189966085835284

1075 Heoruswealwe the Shooter (level 7, 0/60 HPs)
             Began as a Demigod Hunter on Mar 26, 2023.
             Succumbed to a water moccasin's poison
             ... on level 6 of the Dungeon on Mar 27, 2023.
             The game lasted 00:46:48 (4612 turns).

Heoruswealwe the Shooter (Demigod Hunter)           Turns: 4612, Time: 00:46:49

Health: 0/60       AC:  6    Str: 12    XL:     7   Next: 80%
Magic:  18/18      EV: 15    Int: 11    God:
Gold:   188        SH:  0    Dex: 25    Spells: 6/6 levels left

rFire   . . .      SeeInvis .   a - +0 shortbow (venom)
rCold   . . .      Faith    .   (shield currently unavailable)
rNeg    . . .      Spirit   .   c - +0 leather armour
rPois   +          Reflect  .   x - +1 hat
rElec   .          Harm     .   h - +0 cloak
rCorr   .          Rampage  .   f - +0 pair of gloves
Will    .....                   (no boots)
Stlth   +++.......              (no amulet)
HPRegen 0.20/turn               k - ring of magical power
MPRegen 0.16/turn               j - ring of poison resistance

@: lethally poisoned (0 -> -4)
A: high MP 1, forlorn, divine attributes
a: no special abilities


You were on level 6 of the Dungeon.
You visited 2 branches of the dungeon, and saw 7 of its levels.

You collected 188 gold pieces.

Inventory:

Hand Weapons
 a - a +0 shortbow of venom (weapon)
 b - a +0 long sword
 e - the +4 short sword of Awkum {freeze, Contam rF+ Int+4}
   (You found it on level 5 of the Dungeon)

   It freezes those it strikes, dealing additional cold damage.
   It can also slow down cold-blooded creatures.
   Int:       It affects your intelligence (+4).
   rF:        It protects you from fire.
   Contam:    It causes magical contamination when unequipped.
Armour
 c - a +0 leather armour (worn)
 f - a +0 pair of gloves (worn)
 h - a +0 cloak (worn)
 x - a +1 hat (worn)
Jewellery
 j - a ring of poison resistance (right hand)
 k - a ring of magical power (left hand)
Wands
 o - a wand of digging (3)
 u - a wand of flame (15)
 y - a wand of iceblast (11)
Scrolls
 d - 4 scrolls of teleportation
 m - a scroll of summoning
 n - a scroll of magic mapping
 r - a scroll of brand weapon
Potions
 g - 4 potions of lignification
 i - 3 potions of curing
 l - 2 potions of might {unknown}
 p - a potion of resistance {unknown}
 q - 3 potions of cancellation {unknown}
 s - 2 potions of haste {unknown}
 t - 2 potions of heal wounds
 v - a potion of brilliance
 w - a potion of attraction {unknown}
 z - a potion of invisibility {unknown}


   Skills:
 + Level 4.6 Fighting
 + Level 5.6 Ranged Weapons
 + Level 4.5 Dodging
 + Level 4.6 Stealth


You had 6 spell levels left.
You didn't know any spells.
Your spell library contained the following spells:

 Spells                   Type           Power      Damage    Failure   Level
 Foxfire                  Conj/Fire      0%         2x1d4     41%         1
 Conjure Flame            Conj/Fire      0%         6-21      80%         3
 Inner Flame              Hex/Fire       0%         N/A       80%         3
 Flame Wave               Conj/Fire      0%         2d4       99%         4


Dungeon Overview and Level Annotations

Branches:
Dungeon (6/15)             Temple (1/1) D:4

Shops:
D:2 [


Innate Abilities, Weirdness & Mutations

You have an increased reservoir of magic. (+10% MP)
You shall have no god before yourself.
Your divine heritage dramatically boosts your attributes as you level up.


Message History

You are poisoned.
The water moccasin poisons you!
The water moccasin completely misses you.
Fire: a) +0 shortbow (venom)
Press: ? - help, Q - select action, (/) - cycle Shift-Dir - straight line, f/p - water moccasin
Aim: a water moccasin (heavily wounded, very poisoned, 54% to hit)
You shoot an arrow.
The arrow completely misses the water moccasin.
You feel very sick. The water moccasin bites you.
Fire: a) +0 shortbow (venom)
Press: ? - help, Q - select action, (/) - cycle Shift-Dir - straight line, f/p - water moccasin
Aim: a water moccasin (heavily wounded, very poisoned, 54% to hit)
You shoot an arrow.
The arrow barely misses the water moccasin.
You feel sick. The water moccasin barely misses you.
The water moccasin bites you.
* * * LOW HITPOINT WARNING * * *
Fire: a) +0 shortbow (venom)
Press: ? - help, Q - select action, (/) - cycle Shift-Dir - straight line, f/p - water moccasin
Aim: a water moccasin (heavily wounded, very poisoned, 54% to hit)
You shoot an arrow.
The arrow closely misses the water moccasin.
You feel sick.
The water moccasin bites you but does no damage.
The water moccasin bites you.
* * * LOW HITPOINT WARNING * * *
Fire: a) +0 shortbow (venom)
Press: ? - help, Q - select action, (/) - cycle Shift-Dir - straight line, f/p - water moccasin
Aim: a water moccasin (heavily wounded, poisoned, 54% to hit)
You shoot an arrow. The arrow hits the water moccasin.
The water moccasin is severely wounded.
You feel sick. The water moccasin misses you. The water moccasin bites you.
* * * LOW HITPOINT WARNING * * *
Fire: a) +0 shortbow (venom)
Press: ? - help, Q - select action, (/) - cycle Shift-Dir - straight line, f/p - water moccasin
Aim: a water moccasin (severely wounded, poisoned, 54% to hit)
You shoot an arrow.
The arrow barely misses the water moccasin.
You die...

#....#....#..####
#......# ##..#
##.[#######...###
##...(.##........##
#............##....
#.....<...##..##.#.
###................##
#....(...............
#...@................
#...S...............)
##.........>#.......)
#....##.....##.......
.......##..###
##..).. .......#
#...# #.... ........#
#..# #.... .........
.# #..... ......


You could see a water moccasin (poisoned).

Vanquished Creatures
  Menkaure (D:4)
  Duvessa (D:4)
  A sky beast (D:6)
  An ogre (D:5)
  4 scorpions
  A necrophage (D:5)
  Dowan (D:4)
  2 hounds
  Crazy Yiuf (D:4)
  Terence (D:3)
  Ijyb (D:5)
  5 gnolls
  4 adders
  2 white imps (D:6)
  An ufetubus (D:6)
  2 worms
  5 dart slugs
  3 orcs (D:6)
  5 bats
  6 endoplasms
  6 giant cockroaches
  3 hobgoblins
  2 jackals (D:2)
  5 kobolds
  5 quokkas
  5 ball pythons
  5 frilled lizards
  8 goblins
  2 rats (D:1)
  2 bushes (D:4)
91 creatures vanquished.

Notes
Turn   | Place    | Note
-------+----------+-------------------------------------------
     0 | D:1      | Heoruswealwe the Demigod Hunter began the quest for the
                  | Orb.
     0 | D:1      | Reached XP level 1. HP: 17/17 MP: 3/3
   157 | D:1      | Reached skill level 1 in Stealth
   269 | D:1      | Reached XP level 2. HP: 24/24 MP: 4/4
   937 | D:2      | Reached XP level 3. HP: 21/29 MP: 5/5
   968 | D:2      | Found Xiov Zicuu's Antique Armour Shop.
  1144 | D:2      | Reached skill level 4 in Ranged Weapons
  1454 | D:3      | Reached XP level 4. HP: 36/37 MP: 6/6
  1649 | D:3      | Noticed Terence
  1680 | D:3      | Killed Terence
  2137 | D:3      | Reached XP level 5. HP: 44/44 MP: 7/7
  2560 | D:2      | You fall into a shaft and drop 1 floor!
  2716 | D:4      | Noticed Menkaure
  2725 | D:4      | Killed Menkaure
  2726 | D:4      | Reached XP level 6. HP: 7/51 MP: 8/8
  2885 | D:4      | Found a staircase to the Ecumenical Temple.
  3019 | Temple   | Entered the Ecumenical Temple
  3112 | D:4      | Found a runed translucent door.
  3113 | D:4      | Noticed Crazy Yiuf
  3119 | D:4      | Killed Crazy Yiuf
  3171 | D:4      | Noticed Dowan
  3172 | D:4      | Noticed Duvessa
  3192 | D:4      | Killed Duvessa
  3197 | D:4      | Killed Dowan
  3932 | D:5      | Entered Level 5 of the Dungeon
  3958 | D:5      | Reached skill level 5 in Ranged Weapons
  3972 | D:5      | Noticed Ijyb
  3979 | D:5      | Reached XP level 7. HP: 55/59 MP: 9/9
  3984 | D:5      | Killed Ijyb
  4456 | D:5      | Identified the +4 short sword of Awkum {freeze, Contam rF+
                  | Int+4}
  4611 | D:6      | HP: 1/60 [water moccasin (4)]
  4612 | D:6      | Succumbed to a water moccasin's poison

Illustrated notes

Levels and vault maps discovered:
D:1:      minmay_arrival_stair_chambers, layout_basic
D:2:      layout_basic, serial_shops, shop, kennysheep_generic_room_4
D:3:      layout_basic, mainiacjoe_overflow_paths,
          nicolae_tso_swordbearing_angel, shapermc_ecumenical_altar_mp_vishouse,
          uniq_terence
D:4:      layout_loops_corners, minmay_temple_entry_overgrown, uniq_menkaure,
          uniq_duvessa, uniq_crazy_yiuf_cottage
D:5:      layout_basic, kennysheep_slug_shrine, uniq_ijyb
D:6:      layout_cave_pools, lemuel_round_altar, hex_large,
          kennysheep_generic_room_13, uniq_maggie
Temple:   hellmonk_temple_of_storms

Skill      XL: |  1  2  3  4  5  6  7 |
---------------+----------------------+-----
Stealth        | 1 2 3 4 |  4.6
Fighting       | 2 3 4 |  4.6
Dodging        | 2 3 4 |  4.5
Ranged Weapons | 4 5 |  5.6

Action                   |  1- 3 |  4- 6 |  7- 9 || total
-------------------------+-------+-------+-------++-------
Melee: Long sword        |       |   114 |       ||   114
       Punch             |       |     4 |       ||     4
 Fire: Shortbow          |   110 |   113 |    62 ||   285
  Use: Scroll            |     8 |       |     5 ||    13
Armor: Leather armour    |     4 |     7 |    11 ||    22
Dodge: Dodged            |    34 |    45 |    22 ||   101
